 Dungeon Crawl Stone Soup version 0.30-a0-1160-g6e42c06551 (webtiles) character file.

Game seed: 8545576165515854994

791592 Lobster4 the Intangible (level 27, -19/194 HPs)
             Began as a Djinni Fire Elementalist on Apr 25, 2023.
             Was the Champion of Makhleb.
             Killed from afar by a Brimstone Fiend (44 damage)
             ... with damnation
             ... on level 7 of Gehenna on Apr 26, 2023.
             The game lasted 05:32:20 (69081 turns).

Lobster4 the Intangible (Djinni Fire Elementalist) Turns: 69081, Time: 05:32:20

Health: -19/194    AC: 11    Str: 17    XL:     27
Gold:   10611      EV: 38    Int: 28    God:    Makhleb [******] SH: 22 Dex: 21

rFire   + + .        M - staff of air "Seamoin" {rElec rC+ rCorr Dex+5}
rCold   + . .        E - +5 kite shield {reflect}
rNeg    + + .        Z - +0 robe of Plasticity {rPois rC+ Regen+}
rPois   ∞            x - +0 helmet of Odubb {+Inv rF+ rN+}
rElec   +            s - +4 dragonskin cloak
rCorr   +            H - +0 pair of gloves "Geppayra" {rPois Str+4 Int+3}
SInv    +            (boots unavailable)
Will    +++..        c - amulet "Laismoem" {Regen+ SInv}
Stlth   +++          F - ring "Zitati Puov" {rN+ MP+9 EV+5 Dex+2}
HPRegen 2.12/turn    b - ring "Damnable Contraption" {rElec rF- Will+ rCorr Str+4}
MPRegen 0.00/turn

%: random rage (3%), reflection, infuse magic (-20 HP)
@: weakened, flying, hasted, studying 4 skills, unable to read, very quick
A: sickness immunity, fire resistance 2, cold vulnerability 1, float, innate
caster, HP casting, extra vitality 1, berserk 1, clumsy 1, dopey 1
}: 5/15 runes: decaying, serpentine, slimy, silver, icy
a: Renounce Religion, Evoke Invisibility, Minor Destruction, Lesser Servant of
Makhleb, Major Destruction, Greater Servant of Makhleb


You were on level 7 of Gehenna.
You worshipped Makhleb.
Makhleb was exalted by your worship.
You visited 17 branches of the dungeon, and saw 73 of its levels.
You also visited: Trove, Bailey, Gauntlet and Ice Cave.

You collected 11942 gold pieces.
You spent 1331 gold pieces at shops.

Inventory:

Hand Weapons
 f - the +10 rapier of a treasure trove {flame, Fragile rN+++ Will+ Int+4}
   (You took it off a red draconian on level 4 of the Depths)

   Int:       It affects your intelligence (+4).
   rN:        It renders you almost immune to negative energy.
   Fragile:   It will be destroyed if unequipped.
   Will:      It increases your willpower.
 n - a +0 sling of draining
Missiles
 O - 15 curare-tipped darts (quivered)
 U - 11 datura-tipped darts
Armour
 s - the +4 dragonskin cloak (worn)
   (You took it off Tiamat on level 2 of the Realm of Zot)

   Avatar's Aegis: It grants the wearer a chance to resist fire, cold, poison,
   electricity, acid, and negative energy.
 x - the +0 helmet of Odubb (worn) {+Inv rF+ rN+}
   (You found it on level 1 of the Elven Halls)

   rF:        It protects you from fire.
   rN:        It protects you from negative energy.
   +Inv:      It lets you turn invisible.
 E - a +5 kite shield of reflection (worn)
 H - the +0 pair of gloves "Geppayra" (worn) {rPois Str+4 Int+3}
   (You found it on level 2 of the Elven Halls)

   Str:       It affects your strength (+4).
   Int:       It affects your intelligence (+3).
   rPois:     It protects you from poison.
 P - the +1 cloak of Grace {Str+3 Int+4}
   (You found it in a Gauntlet)

   Str:       It affects your strength (+3).
   Int:       It affects your intelligence (+4).
 S - the +4 skin of Zhor {*Englaciate rC+++ SInv}
   (You found it on level 5 of the Vaults)

   *Englaciate: It radiates cold, occasionally slowing all nearby creatures who
   are not resistant to cold.
   rC:        It renders you almost immune to cold.
   SInv:      It lets you see invisible.
 Z - the +0 robe of Plasticity (worn) {rPois rC+ Regen+}
   (You found it in a Gauntlet)

   rC:        It protects you from cold.
   rPois:     It protects you from poison.
   Regen:     It increases your rate of health regeneration.
Magical Staves
 C - the staff of conjuration "Reawnola" {rElec rCorr Int-2 SInv}
   (You found it on level 4 of the Depths)

   [staff of conjuration]

   Your inability to study Conjurations prevents you from drawing on the full
   power of this staff in melee.
   Base accuracy: +5 Base damage: 5 Base attack delay: 1.2 This weapon's minimum
   attack delay (0.6) is reached at skill level 12.
   Int:       It affects your intelligence (-2).
   rElec:     It insulates you from electricity.
   SInv:      It lets you see invisible.
   rCorr:     It protects you from acid and corrosion.
   It falls into the 'Staves' category.
   It is a one-handed weapon.
 M - the staff of air "Seamoin" (weapon) {rElec rC+ rCorr Dex+5}
   (You found it in an ice cave)

   [staff of air]

   Your inability to study Air Magic prevents you from drawing on the full power
   of this staff in melee.
   Base accuracy: +5 Base damage: 5 Base attack delay: 1.2 This weapon's minimum
   attack delay (0.6) is reached at skill level 12.
   Dex:       It affects your dexterity (+5).
   rC:        It protects you from cold.
   rElec:     It insulates you from electricity.
   rCorr:     It protects you from acid and corrosion.
   It falls into the 'Staves' category.
   It is a one-handed weapon.
Jewellery
 b - the ring "Damnable Contraption" (right hand) {rElec rF- Will+ rCorr Str+4}
   (You found it in a Gauntlet)

   [ring of resist corrosion]

   Str:       It affects your strength (+4).
   rF:        It makes you vulnerable to fire.
   rElec:     It insulates you from electricity.
   rCorr:     It protects you from acid and corrosion.
   Will:      It increases your willpower.
 c - the amulet "Laismoem" (around neck) {Regen+ SInv}
   (You took it off a deep elf zephyrmancer on level 1 of the Elven Halls)

   [amulet of regeneration]

   SInv:      It lets you see invisible.
   Regen:     It increases your rate of health regeneration.
 F - the ring "Zitati Puov" (left hand) {rN+ MP+9 EV+5 Dex+2}
   (You took it off a deep elf death mage on level 3 of the Elven Halls)

   [ring of evasion]

   EV:        It affects your evasion (+5).
   Dex:       It affects your dexterity (+2).
   rN:        It protects you from negative energy.
   MP:        It affects your magic capacity (+9).
 N - the ring "Suuzinoj" {rPois rN++ Str+2 Int-5 Stlth+}
   (You found it on level 5 of the Vaults)

   [ring of poison resistance]

   Str:       It affects your strength (+2).
   Int:       It affects your intelligence (-5).
   rPois:     It protects you from poison.
   rN:        It greatly protects you from negative energy.
   Stlth:     It makes you more stealthy.
 T - the ring of Stoicism {AC+4 Str-4 Int+6}
   (You found it on level 7 of Cocytus)

   [ring of protection]

   AC:        It affects your AC (+4).
   Str:       It affects your strength (-4).
   Int:       It affects your intelligence (+6).
 W - the amulet of Daffodils {RegenMP rF+ Dex+3}
   (You found it on level 7 of Gehenna)

   [amulet of magic regeneration]

   It increases your rate of magic regeneration.
   Dex:       It affects your dexterity (+3).
   rF:        It protects you from fire.
Wands
 k - a wand of quicksilver (63)
 y - a wand of paralysis (83)
 K - a wand of mindburst (49)
 Q - a wand of roots (34)
 Y - a wand of digging (44)
Scrolls
 a - 17 scrolls of fear
 i - a scroll of blinking
 j - 30 scrolls of teleportation
 l - 4 scrolls of immolation
 p - a scroll of magic mapping
 r - a scroll of silence
 u - 13 scrolls of fog
 B - 5 scrolls of summoning
 I - 5 scrolls of enchant armour
 V - 6 scrolls of poison
Potions
 d - 9 potions of resistance
 g - 23 potions of curing
 h - 2 potions of berserk rage
 m - 5 potions of lignification
 o - 9 potions of invisibility
 q - 9 potions of ambrosia
 t - 4 potions of cancellation
 v - 9 potions of might
 A - 7 potions of mutation
 D - 7 potions of heal wounds
 G - 8 potions of haste
 L - 11 potions of brilliance
Miscellaneous
 e - a tin of tremorstones (2/2)
 w - a phantom mirror (inert)
 z - a box of beasts
 J - the horn of Geryon
 R - a lightning rod (4/4)


   Skills:
 O Level 27 Fighting
 - Level 1.0 Short Blades
 - Level 5.0 Staves
 - Level 3.0 Throwing
 - Level 12.0 Armour
 O Level 27 Dodging
 - Level 5.0 Stealth
 + Level 21.6 Shields
 O Level 27 Spellcasting
 + Level 19.1 Invocations
 + Level 13.4 Evocations


You knew the following spells:

 Your Spells              Type           Power      Damage    Failure   Level
a - Foxfire               Conj/Fire      100%       2x1d9     0%          1
b - Scorch                Fire           100%       2d9       0%          2
c - Borgnjor's Vile Clut  Necr/Erth      56%        N/A       0%          5
d - Poisonous Vapours     Pois/Air       100%       N/A       0%          2
e - Ignite Poison         Fire/Tmut/Pois 100%       N/A       0%          3
f - Orb of Destruction    Conj           56%        9d14      0%          7
g - Ignition              Fire           56%        3d15      1%          8
h - Sting                 Tmut/Pois      100%       1d8       0%          1
i - Volatile Blastmotes   Fire/Tloc      100%       2d18      0%          3
j - Dragon Form           Tmut           56%        N/A       0%          7
k - Borgnjor's Revivific  Necr           56%        N/A       1%          8
l - Inner Flame           Hex/Fire       100%       N/A       0%          3
p - Passage of Golubria   Tloc           100%       N/A       0%          4
s - Storm Form            Tmut/Air       68%        N/A       0%          7
t - Shatter               Erth           56%        3d42*     1%          9
w - Flame Wave            Conj/Fire      100%       2d21      0%          4
x - Eringya's Noxious Bo  Tmut/Pois      56%        N/A       0%          6
z - Animate Dead          Necr           100%       N/A       0%          4
Your spell library was empty.

Dungeon Overview and Level Annotations

Branches:
Dungeon (15/15)            Temple (1/1) D:5            Lair (5/5) D:10
  Swamp (4/4) Lair:3        Snake (4/4) Lair:3        Slime (5/5) Lair:5
    Orc (2/2) D:11            Elf (3/3) Orc:2        Vaults (5/5) D:13
  Crypt (3/3) Vaults:2       Tomb (1/3) Crypt:3      Depths (4/4) D:15
   Hell (visited)             Dis (0/7) Hell            Geh (7/7) Hell
    Coc (7/7) Hell            Tar (1/7) Hell            Zot (5/5) Depths:4
 Bailey (visited)           IceCv (visited)         Gauntlet (visited)

Altars:
Ashenzari
Cheibriados
Dithmenos
Elyvilon
Fedhas
Gozag
Hepliaklqana
Makhleb
Nemelex Xobeh
Okawaru
Qazlal
Ru
Trog
Uskayaw
Wu Jian
Xom
Yredelemnul
Zin
The Shining One
Jiyva

Shops:
D:11 *   D:14 ?   Orc:2 (*:[   Elf:3 :!=!   Snake:4 !   Vaults:4 [   Depths:3 *

Portals:
Hell: Depths:1 Depths:2 Depths:3 Depths:4
Abyss: Depths:1 Depths:2 Depths:3 Depths:4
Pandemonium: Depths:2
Ziggurat: Depths:2

Annotations:
Geh:7 Serpent of
Hell
Zot:5 1 exclusion


Innate Abilities, Weirdness & Mutations

You are immune to sickness and miasma.
You are immune to poison.
Your flesh is very heat resistant. (rF++)
You are vulnerable to cold. (rC-)
You float through the air rather than walking.
You learn spells naturally, not from books.
Your magical power is your life essence.
You have superior vitality. (+4 MHP)
You sometimes lose your temper in combat.
You are clumsy. (Dex -2)
You are dopey. (Int -2)


Message History

Makhleb accepts your kill.
You feel better.
You kill the fire giant!
Makhleb accepts your kill.
The Brimstone Fiend is heavily wounded.
The salamander tyrant is heavily wounded.
A door shatters! x3
The searing wretch is moderately damaged.
A door shatters! x2
Ka-crash!
* * * LOW HITPOINT WARNING * * *
You feel your dexterity returning.
You have finished your manual of Shields and toss it away.
Casting: Shatter (dangerous; 1% risk of failure)
Confirm with . or Enter, or press ? or * to list all spells.
The dungeon rumbles!
The Brimstone Fiend is severely wounded.
The searing wretch is heavily damaged.
You kill the salamander tyrant!
Makhleb accepts your kill.
You feel better.
Ka-crash!
* * * LOW HITPOINT WARNING * * *
The Brimstone Fiend calls on the powers of darkness!
Your body is wracked with pain!
* * * LOW HITPOINT WARNING * * *
The salamander tyrant convulses!
Casting: Shatter (dangerous; 1% risk of failure)
Confirm with . or Enter, or press ? or * to list all spells.
The dungeon rumbles!
The Brimstone Fiend is almost dead.
The searing wretch is almost destroyed.
You kill the salamander tyrant!
Makhleb accepts your kill.
You feel better.
Ka-crash!
* * * LOW HITPOINT WARNING * * *
You hear a shout!
The Brimstone Fiend gestures at you.
The sphere of damnation explodes!
The damnation engulfs you!!!
You die...

$$$..##.'###
)$.........#.#. .
φ$...........††. .####
$$$$............ .++.++
$$$$$...........
.++..+#
......#.........
#...###....#........)..
#....##../:)..≈........
#.....'†......@........
#.8......)...)°.......
#.............°........
#######..#..#......†...
..n...1.........
......°.........
......○.........
.....°..........
...............


You could see a searing wretch and a Brimstone Fiend.

Vanquished Creatures
  Antaeus (Coc:7)
  Asmodeus (Geh:7)
  the Royal Jelly (Slime:5)
  3 dread liches
  4 orbs of fire
  Tiamat (Zot:2)
  2 ancient liches (Zot:5)
  Mara (Depths:1)
  A juggernaut (Depths:4)
  A royal mummy (Tomb:1)
  Sojobo (Depths:1)
  17 shard shrikes
  6 Killer Klowns (Zot:5)
  Geryon (Hell)
  3 curse toes
  Nikola (Elf:3)
  9 golden dragons
  2 bone dragons (Tar:1)
  A Tzitzimitl (Geh:6)
  The ghost of OhCrap the Hoplite, an adept MiFi of Ru (Depths:2)
  7 Brimstone Fiends
  3 doom hounds (Tar:1)
  3 electric golems
  5 hellephants
  Jorgrun (D:15)
  21 Ice Fiends
  21 tentacled monstrosities
  Rupert (D:14)
  A Hell Sentinel (Geh:6)
  A deep elf blademaster (Elf:3)
  A walking divine tome (Depths:2)
  Asterion (Depths:1)
  18 Orb Guardians (Zot:5)
  A deep elf master archer (Elf:3)
  15 searing wretches
  6 liches
  18 acid blobs
  5 ancient champions
  22 titans
  14 death cobs
  Frances (Elf:1)
  11 shadow dragons
  6 sphinxes
  16 quicksilver dragons
  2 thorn hunters
  8 tengu reavers
  The ghost of Tutea the Brawler, an adept TrMo of Nemelex Xobeh (Depths:1)
  The ghost of Yakesh the Executioner, an adept MiFi of Gozag (Elf:2)
  Agnes (Elf:2)
  4 revenants
  19 storm dragons
  Donald (Vaults:1)
  11 draconian monks
  21 fire giants
  14 azure jellies
  6 draconian knights
  15 nagarajas
  The ghost of Naistiu the Spry, an adept DESu of Gozag (Swamp:2)
  9 vault wardens
  24 narguns
  10 draconian scorchers
  16 rockslimes
  8 deep elf sorcerers
  21 balrugs
  A juggernaut zombie (Crypt:2)
  3 cacodemons
  Aizul (Depths:1)
  A spectral juggernaut (Tar:1)
  7 frost giants
  5 ghost moths
  6 shard shrike simulacra
  4 draconian stormcallers
  The ghost of superbruh the Bludgeoner, a journeyman MiMo of Cheibriados (Swamp:1)
  An orc warlord (Orc:2)
  11 ironbound preservers
  3 draconian annihilators
  5 ghouls (Crypt:1)
  6 draconian shifters
  3 deep elf elementalists (Elf:3)
  3 war gargoyles
  25 very ugly things
  25 vampire knights
  12 quicksilver oozes
  4 ironbound thunderhulks
  6 reapers
  4 deep elf demonologists
  An eleionoma (Swamp:1)
  15 stone giants
  14 red draconians
  8 deep elf annihilators (Elf:3)
  8 spark wasps
  4 yellow draconians
  A minotaur (Gauntlet)
  21 green draconians
  14 white draconians
  12 black draconians
  4 putrid mouths (Tar:1)
  21 elemental wellsprings
  3 bunyips
  15 purple draconians
  15 dire elephants
  15 wendigos
  The ghost of AiryTheDragon the Lord of Darkness, a journeyman DsNe of Kikubaaqudgha (Elf:1)
  10 ettins
  A very ugly thing zombie (Depths:4)
  8 eidola
  8 deep elf death magi
  4 green deaths
  Josephine (D:11)
  A blizzard demon (Depths:2)
  A merfolk impaler (Depths:4)
  8 great orbs of eyes
  An entropy weaver (Vaults:3)
  8 fire dragons
  A quicksilver dragon zombie (Crypt:3)
  An entropy weaver (shapeshifter) (Elf:2)
  A spectral fenstrider witch (Swamp:1)
  9 jiangshi
  4 rakshasas
  4 shambling mangroves
  6 mummy priests (Tomb:1)
  8 deep elf high priests
  11 yaktaur captains
  6 caustic shrike simulacra
  8 ice dragons
  A quicksilver dragon skeleton (Hell)
  4 spriggan zombies (Crypt:3)
  13 salamander tyrants
  Erolcha (D:11)
  A fenstrider witch zombie (Hell)
  28 vault guards
  2 Orb Guardian zombies
  An anaconda (shapeshifter) (D:15)
  2 hell beasts
  3 juggernaut simulacra (Coc:7)
  A spriggan skeleton (Crypt:3)
  3 ogre magi (Vaults:4)
  13 centaur warriors
  2 ghost crabs
  11 hydras
  7 spriggan air magi
  4 ironbound frosthearts
  5 alligators
  9 two-headed ogres
  9 anacondas
  7 boulder beetles
  4 death knights
  31 dancing weapons
  4 stokers
  19 naga warriors
  A quicksilver ooze zombie (Crypt:2)
  3 deep troll shamans
  21 death scarabs (Tomb:1)
  8 deep troll earth magi
  2 tengu warriors
  13 naga sharpshooters
  An azure jelly zombie (Crypt:3)
  7 spriggan berserkers
  A spectral dire elephant (Tar:1)
  5 death yaks
  9 vampire magi
  26 hell hogs
  A shock serpent (shapeshifter) (Vaults:5)
  18 deep elf knights
  30 hell knights
  An orc high priest (Orc:2)
  8 shock serpents
  7 soul eaters
  17 sun demons
  A skyshark (Lair:3)
  5 iron trolls
  A storm dragon zombie (Crypt:2)
  6 salamander mystics
  A skyshark (shapeshifter) (Vaults:5)
  2 shadow wraiths
  2 sixfirhies (Depths:1)
  A spectral anaconda (Lair:5)
  41 skeletal warriors
  4 goliath frogs
  4 spriggan druids
  8 naga ritualists
  A bunyip zombie (Crypt:3)
  5 flayed ghosts
  5 quicksilver dragon simulacra
  3 glowing orange brains
  52 deep trolls
  8 deep elf archers
  6 bog bodies
  3 wizards
  A spectral hydra (Tar:1)
  3 death drakes (Depths:4)
  3 anaconda zombies
  A spectral iron dragon (Tar:1)
  3 obsidian statues
  38 phantasmal warriors
  An iron giant skeleton (Crypt:1)
  8 lindwurms
  10 orc knights
  An ugly thing zombie (Depths:1)
  39 deep elf zephyrmancers
  7 swamp dragons
  2 iron dragon zombies (Crypt:3)
  5 mana vipers
  29 ugly things
  An anaconda skeleton (Hell)
  4 harpies
  2 manticores
  A draconian zombie (Zot:4)
  25 deep elf pyromancers
  13 ironbound convokers
  3 oklob plants (Swamp:4)
  A goliath frog zombie (Crypt:2)
  14 necromancers
  A shadow dragon skeleton (Vaults:5)
  3 spectral spriggans
  6 will-o-the-wisps
  2 orc sorcerers (Orc:2)
  9 shining eyes
  20 salamanders
  23 moths of wrath
  7 cyclopes
  16 elephants
  A goliath frog skeleton (Crypt:3)
  17 vault sentinels
  Joseph (D:7)
  29 black mambas
  A centaur zombie (Vaults:1)
  An elf zombie (Vaults:5)
  4 ice statues
  16 naga magi
  5 guardian serpents
  3 dire elephant zombies
  4 titan simulacra
  A rust devil (Hell)
  7 molten gargoyles (Geh:7)
  3 dire elephant skeletons
  A smoke demon (Depths:2)
  3 gargoyles
  9 cane toads
  A centaur skeleton (Tomb:1)
  2 rime drakes (Lair:3)
  2 storm dragon simulacra (Coc:1)
  Maggie (D:6)
  15 hellions
  A torpor snail (Lair:5)
  2 kobold demonologists
  A sea snake zombie (Hell)
  6 tormentors
  A bunyip simulacrum (Coc:2)
  2 anaconda simulacra (Coc:7)
  A green draconian zombie (Zot:2)
  2 efreet
  9 freezing wraiths
  32 yaktaurs
  3 tengu conjurers
  A purple draconian skeleton (Crypt:1)
  7 komodo dragons
  10 guardian mummies (Tomb:1)
  6 hydra zombies
  A spectral death drake (Swamp:1)
  A queen bee (D:14)
  2 red devils
  3 ice devils
  2 golden dragon simulacra
  A spectral harpy (Tar:1)
  A hellwing (Depths:2)
  3 iron giant simulacra
  3 meliai (D:14)
  2 bloated husks
  A polar bear (shapeshifter) (Elf:2)
  14 trolls
  A hydra skeleton (Hell)
  An iron troll skeleton (Crypt:3)
  A polar bear (Lair:5)
  Prince Ribbit (D:6)
  5 tyrant leeches
  A harpy skeleton (Hell)
  A hornet (shapeshifter) (D:15)
  20 hornets
  8 blink frogs
  3 alligator zombies (Hell)
  A spectral elephant (Lair:5)
  An iron dragon simulacrum (Coc:4)
  2 spectral swamp dragons (Tar:1)
  3 stone giant simulacra
  103 slime creatures
  4 flying skulls (Tomb:1)
  3 centaur simulacra (Coc:2)
  An air elemental (Elf:2)
  A fire dragon skeleton (Hell)
  An ettin skeleton (Crypt:2)
  3 shadows
  A culicivora (shapeshifter) (Vaults:5)
  11 spriggans
  3 water elementals
  6 dire elephant simulacra
  42 yaks
  A ynoxinul (Depths:1)
  2 alligator skeletons
  A black mamba zombie (Crypt:3)
  Eustachio (D:4)
  20 wraiths
  2 wyverns
  2 fire elementals (Elf:1)
  3 basilisks
  A neqoxec (Gauntlet)
  A steam dragon (shapeshifter) (Elf:2)
  8 golden eyes
  3 chaos spawn
  2 death yak simulacra (Lair:5)
  A fire bat zombie (Crypt:3)
  A steam dragon (D:8)
  2 naga zombies (Crypt:3)
  12 vampire mosquitoes
  15 harpy simulacra
  6 wargs
  34 nagas
  A death drake simulacrum (Swamp:1)
  14 swamp worms
  An acid dragon (D:8)
  3 deep troll zombies
  5 water moccasins
  A spectral cane toad (Lair:5)
  Duvessa (D:7)
  8 hydra simulacra
  3 swamp drakes (Swamp:4)
  A faun skeleton (Crypt:1)
  A floating eye (Slime:5)
  A sky beast (D:8)
  5 ettin simulacra
  37 orc warriors
  An ice dragon simulacrum (Coc:1)
  7 ogres
  9 spriggan simulacra
  A snapping turtle zombie (Crypt:3)
  A black bear (Lair:1)
  4 swamp dragon zombies
  6 wolves (Lair:3)
  An alligator simulacrum (Hell)
  8 boggarts
  3 swamp dragon skeletons (Swamp:4)
  4 centaurs
  A hog zombie (Crypt:1)
  A tengu (shapeshifter) (Elf:2)
  4 kobold brigands
  5 bullfrogs
  2 necrophages (Crypt:1)
  3 cane toad simulacra
  2 scorpions (D:6)
  2 earth elementals
  2 gnoll sergeants
  2 naga simulacra
  6 wights
  Dowan (D:7)
  2 troll zombies (Swamp:4)
  An elephant simulacrum (IceCv)
  29 killer bees
  4 electric eels (Lair:3)
  4 howler monkeys
  5 jellies
  A hound (shapeshifter) (Elf:2)
  3 hounds
  20 orc priests
  2 sleepcaps
  A gnoll bouda (D:7)
  3 iguanas (D:4)
  Terence (D:3)
  A boggart zombie (Vaults:1)
  27 orc wizards
  A wolf simulacrum (IceCv)
  A killer bee zombie (Crypt:2)
  An acid dragon skeleton (Crypt:1)
  A deep dwarf skeleton (Crypt:3)
  A hound zombie (Crypt:2)
  20 mummies (Tomb:1)
  20 gnolls
  4 adders
  A white imp (D:8)
  2 ufetubi
  An adder skeleton (Crypt:3)
  2 worms
  A dart slug (D:2)
  An orc (shapeshifter) (Elf:2)
  72 orcs
  9 endoplasms
  An endoplasm (shapeshifter) (Elf:2)
  3 giant cockroaches
  5 goblins
  5 hobgoblins
  A jackal (shapeshifter) (Elf:2)
  A quokka (D:2)
  9 ball pythons
  5 bats
  A frilled lizard (D:2)
  A hobgoblin skeleton (Crypt:1)
  18 kobolds
  2 orc zombies (Orc:2)
  5 rats
  A butterfly (Lair:3)
  6 creeping infernos
  18 fire vortices
2767 creatures vanquished.

Vanquished Creatures (collateral kills)
  Dissolution (Slime:1)
  A dread lich (Zot:5)
  A Killer Klown (Zot:5)
  A golden dragon (Depths:4)
  A titan (Vaults:5)
  A lich (Depths:3)
  A tentacled monstrosity (Depths:3)
  A quicksilver dragon (Depths:4)
  7 Orb Guardians (Zot:5)
  The ghost of Iluymox the Imperceptible, an adept KoBr of Hepliaklqana (Vaults:4)
  A storm dragon (Vaults:5)
  A shadow dragon (Depths:3)
  5 frost giants
  A draconian monk (Depths:4)
  A tengu reaver (Vaults:5)
  A fire giant (Depths:3)
  4 vault wardens
  A deep elf elementalist (Elf:3)
  4 ironbound preservers
  7 very ugly things
  2 stone giants
  A green draconian (Depths:4)
  A black draconian (Depths:4)
  2 white draconians
  A purple draconian (Depths:4)
  3 dire elephants (Vaults:4)
  An eleionoma (Swamp:4)
  A deep elf annihilator (Elf:3)
  A red draconian (Zot:2)
  3 yaktaur captains
  A rakshasa (Depths:3)
  3 ice dragons
  An anaconda (Snake:4)
  4 centaur warriors
  A death knight (Vaults:2)
  3 alligators
  2 deep troll shamans (Depths:4)
  5 naga warriors
  A deep troll earth mage (Depths:3)
  A naga sharpshooter (Snake:4)
  A skyshark (Lair:3)
  2 iron trolls
  2 salamander mystics
  6 deep trolls
  2 bog bodies (Swamp:4)
  A goliath frog (Swamp:4)
  A naga ritualist (Snake:3)
  2 harpies (Vaults:2)
  A wizard (Vaults:3)
  A lindwurm (Vaults:1)
  A sphinx zombie (Vaults:5)
  2 will-o-the-wisps
  A human zombie (Vaults:4)
  5 ugly things
  A salamander (Snake:3)
  A frost giant zombie (Depths:3)
  4 elephants
  An ice statue (IceCv)
  A vault sentinel (Vaults:1)
  4 moths of wrath
  2 slime creatures (Vaults:2)
  2 naga magi (Snake:3)
  9 black mambas
  2 cane toads
  6 yaktaurs
  A freezing wraith (IceCv)
  2 spriggans
  7 yaks
  A swamp worm (Swamp:1)
  2 nagas
  2 water moccasins (Lair:5)
  A swamp dragon zombie (Swamp:4)
  4 boggarts
  An elephant skeleton (Lair:5)
  2 bullfrogs
  A killer bee (D:9)
  14 foxfires
179 creatures vanquished.

Vanquished Creatures (others)
  A shard shrike simulacrum (Coc:6)
  5 very ugly thing zombies
  9 Orb Guardian zombies (Zot:5)
  A juggernaut simulacrum (Coc:7)
  A ghost moth zombie (Zot:1)
  A spark wasp zombie (Depths:3)
  2 ogre zombies
  An orc knight (Orc:2)
  8 ugly thing zombies
  A frost giant zombie (Vaults:4)
  A shadow dragon zombie (Zot:1)
  2 fire giant zombies
  8 draconian zombies
  2 goliath frog zombies
  3 stone giant zombies
  A centaur zombie (Vaults:1)
  3 dire elephant zombies
  A shock serpent zombie (Snake:3)
  An eleionoma zombie (Swamp:4)
  A black mamba (Snake:3)
  2 red draconian zombies (Zot:2)
  3 black draconian zombies
  4 white draconian zombies
  2 purple draconian zombies
  A yellow draconian zombie (Zot:3)
  15 human zombies
  A mana viper zombie (Snake:2)
  3 green draconian zombies
  2 iron troll zombies (Depths:4)
  A death drake zombie (Depths:4)
  3 hydra zombies (Swamp:4)
  An ice dragon zombie (Depths:4)
  A hornet (Swamp:2)
  5 moth of wrath zombies
  An ettin zombie (Depths:3)
  A fire dragon zombie (Depths:4)
  2 alligator zombies
  A merfolk zombie (Depths:4)
  A spriggan (Swamp:2)
  3 black mamba zombies
  2 tengu zombies
  A harpy simulacrum (Coc:7)
  26 deep troll zombies
  A hornet zombie (Swamp:4)
  2 lindwurm zombies (Vaults:1)
  An elephant zombie (Lair:5)
  A rime drake zombie (Lair:3)
  7 salamander zombies
  15 yaktaur zombies
  A polar bear zombie (Lair:5)
  10 yak zombies
  6 boggart zombies
  21 naga zombies
  A swamp drake zombie (Swamp:4)
  3 kobold zombies (D:9)
  8 orc zombies
  4 demonic plants (Gauntlet)
  1223 foxfires
  37 fungi
  91 plants
  26 withered plants (Lair:5)
1593 creatures vanquished.

Grand Total: 4539 creatures vanquished

Notes
Turn   | Place    | Note
-------+----------+-------------------------------------------
     0 | D:1      | Lobster4 the Djinni Fire Elementalist began the quest for
                  | the Orb.
     0 | D:1      | Lobster4 set off with the following spells memorised:
                  | Foxfire, Scorch, Volatile Blastmotes, Inner Flame, Flame
                  | Wave.
     0 | D:1      | Reached XP level 1. HP: 15/15 MP: 0/0
   279 | D:1      | Reached XP level 2. HP: 18/21 MP: 0/0
   901 | D:2      | Reached XP level 3. HP: 20/26 MP: 0/0
   901 | D:2      | Learned a level 1 spell: Sting
  1199 | D:2      | Reached skill level 1 in Fighting
  1199 | D:2      | Reached skill level 1 in Armour
  1199 | D:2      | Reached XP level 4. HP: 23/32 MP: 0/0
  1787 | D:3      | Noticed Terence
  1796 | D:3      | Killed Terence
  1797 | D:3      | Reached XP level 5. HP: 14/37 MP: 0/0
  1797 | D:3      | Learned a level 2 spell: Poisonous Vapours
  2386 | D:3      | Found a white marble altar of Elyvilon.
  2772 | D:4      | Noticed Eustachio
  2784 | D:4      | Killed Eustachio
  2785 | D:4      | Reached skill level 1 in Short Blades
  2785 | D:4      | Reached XP level 6. HP: 24/44 MP: 0/0
  3516 | D:5      | Entered Level 5 of the Dungeon
  3521 | D:5      | Reached XP level 7. HP: 32/49 MP: 0/0
  3521 | D:5      | Learned a level 3 spell: Ignite Poison
  4073 | D:5      | Found a blossoming altar of Fedhas.
  4234 | D:5      | Reached XP level 8. HP: 21/56 MP: 0/0
  4597 | D:5      | Found a staircase to the Ecumenical Temple.
  4611 | Temple   | Entered the Ecumenical Temple
  4618 | Temple   | Became a worshipper of Makhleb the Destroyer
  4994 | D:6      | Noticed Maggie
  5347 | D:6      | Reached skill level 5 in Spellcasting
  5347 | D:6      | Reached skill level 1 in Invocations
  5389 | D:6      | Reached skill level 1 in Staves
  5414 | D:7      | Noticed Prince Ribbit
  5427 | D:6      | Killed Prince Ribbit
  5428 | D:6      | Reached skill level 1 in Throwing
  5428 | D:6      | Reached skill level 5 in Dodging
  5428 | D:6      | Reached skill level 1 in Shields
  5428 | D:6      | Reached skill level 1 in Evocations
  5474 | D:7      | Noticed Joseph
  5481 | D:6      | Reached XP level 9. HP: 22/62 MP: 0/0
  5481 | D:6      | Learned a level 4 spell: Animate Dead
  5690 | D:6      | Killed Maggie
  5815 | D:7      | Found an opulent altar of Gozag.
  5818 | D:7      | Found a glowing silver altar of Zin.
  5841 | D:7      | Noticed Dowan
  6477 | D:7      | Reached * piety under Makhleb
  6640 | D:7      | Found an ornate altar of the Wu Jian Council.
  6703 | D:7      | Killed Joseph
  6903 | D:7      | Found a broken altar of Ashenzari.
  6906 | D:7      | Found a sparkling altar of Nemelex Xobeh.
  7275 | D:7      | Noticed Duvessa
  7278 | D:7      | Killed Duvessa
  7279 | D:7      | Reached XP level 10. HP: 63/69 MP: 0/0
  7287 | D:7      | Killed Dowan
  7496 | D:8      | Noticed a centaur warrior
  7666 | D:8      | Reached skill level 5 in Fighting
  7668 | D:8      | Killed a centaur warrior
  7669 | D:8      | Reached skill level 5 in Armour
  7675 | D:8      | Noticed a two-headed ogre
  7679 | D:8      | Killed a two-headed ogre
  7744 | D:8      | Found a flagged portal.
  7761 | Bailey   | Entered a bailey
  7958 | Bailey   | Reached XP level 11. HP: 75/76 MP: 0/0
  7958 | Bailey   | Learned a level 4 spell: Passage of Golubria
  7959 | Bailey   | Reached ** piety under Makhleb
  8019 | Bailey   | Noticed an orc knight
  8192 | Bailey   | Noticed an orc knight
  8196 | Bailey   | Killed an orc knight
  8211 | Bailey   | Killed an orc knight
  8239 | Bailey   | Noticed an orc knight
  8243 | Bailey   | Killed an orc knight
  8244 | Bailey   | Reached skill level 5 in Shields
  8889 | D:9      | Noticed a two-headed ogre
  8895 | D:9      | Reached *** piety under Makhleb
  8899 | D:9      | Killed a two-headed ogre
  9094 | D:9      | Noticed a two-headed ogre
  9097 | D:9      | Killed a two-headed ogre
  9221 | D:10     | Entered Level 10 of the Dungeon
  9282 | D:10     | Noticed a two-headed ogre
  9285 | D:10     | Killed a two-headed ogre
  9462 | D:10     | Found an iron altar of Okawaru.
  9631 | D:10     | Found a bloodstained altar of Trog.
  9637 | D:10     | Reached XP level 12. HP: 82/85 MP: 0/0
  9884 | D:10     | Found a staircase to the Lair.
 10240 | D:11     | Found Rugoduom's General Store.
 10244 | D:11     | Reached XP level 13. HP: 92/92 MP: 0/0
 10244 | D:11     | Learned a level 5 spell: Borgnjor's Vile Clutch
 10255 | D:11     | Noticed Erolcha
 10258 | D:11     | Killed Erolcha
 10320 | D:11     | Noticed Josephine
 10335 | D:11     | Killed Josephine
 10409 | D:11     | Found a staircase to the Orcish Mines.
 10815 | D:11     | Bought a potion of haste for 140 gold pieces
 10815 | D:11     | Bought a scroll of identify for 28 gold pieces
 10815 | D:11     | Bought a scroll of identify for 28 gold pieces
 10820 | D:11     | Bought a scroll of identify for 28 gold pieces
 11333 | D:11     | Reached **** piety under Makhleb
 11391 | D:11     | Found the +3 pair of seven-league boots {Rampage+∞}
 11493 | Orc:1    | Entered Level 1 of the Orcish Mines
 11583 | Orc:1    | Reached skill level 10 in Dodging
 11583 | Orc:1    | Reached skill level 10 in Spellcasting
 11662 | Orc:2    | Entered Level 2 of the Orcish Mines
 11790 | Orc:2    | Noticed an orc warlord
 11796 | Orc:2    | Killed an orc warlord
 11799 | Orc:2    | Noticed an ettin
 11799 | Orc:2    | Reached ***** piety under Makhleb
 11800 | Orc:2    | Reached XP level 14. HP: 101/101 MP: 0/0
 12028 | Lair:1   | Entered Level 1 of the Lair of Beasts
 13653 | Lair:3   | Found a staircase to the Snake Pit.
 13665 | Lair:3   | Found a gate leading to a gauntlet.
 13673 | Gauntlet | Entered a Gauntlet
 13673 | Gauntlet | Found a transporter.
 13673 | Gauntlet | Found a transporter.
 13686 | Gauntlet | Found a transporter.
 13703 | Gauntlet | Found a transporter.
 13704 | Gauntlet | Found a transporter.
 13704 | Gauntlet | Found a transporter.
 13707 | Gauntlet | Found a transporter.
 13707 | Gauntlet | Found a transporter.
 13719 | Gauntlet | Found a transporter.
 13737 | Gauntlet | Found a transporter.
 13747 | Gauntlet | Found a transporter.
 13763 | Gauntlet | Found a transporter.
 13783 | Gauntlet | Found a transporter.
 13784 | Gauntlet | Found a runed translucent door.
 13784 | Gauntlet | Found the brooch of Shielding {Spirit SH+8}
 13798 | Gauntlet | Found a transporter.
 13845 | Gauntlet | Gained mutation: You are frail. (-10% HP) [a neqoxec]
 13851 | Gauntlet | Identified the ring "Damnable Contraption" {rElec rF- Will+
                  | rCorr Str+4}
 13878 | Gauntlet | Reached skill level 10 in Fighting
 13927 | Gauntlet | Identified the +2 helmet "Feevin" {rCorr Str-3 Dex+2}
 13961 | Gauntlet | Identified the +0 hat "Ylecwekh" {Str+2 Int-2 Stlth+}
 13990 | Gauntlet | Noticed a minotaur
 13998 | Gauntlet | Killed a minotaur
 14023 | Gauntlet | Identified the +1 cloak of Grace {Str+3 Int+4}
 14023 | Gauntlet | Identified the +0 robe of Plasticity {rPois rC+ Regen+}
 14036 | Gauntlet | Identified the +0 ring mail of Icidghule {Regen+ Dex+3}
 14059 | Gauntlet | Identified a scroll of acquirement
 14094 | Lair:3   | Found a frozen archway.
 14103 | Lair:3   | Reached skill level 10 in Armour
 14116 | IceCv    | Entered an ice cave
 14163 | IceCv    | Found a transporter.
 14176 | IceCv    | Found a transporter.
 14213 | IceCv    | Identified the staff of air "Seamoin" {rElec rC+ rCorr
                  | Dex+5}
 14473 | Lair:3   | Reached XP level 15. HP: 98/98 MP: 0/0
 14473 | Lair:3   | Learned a level 6 spell: Eringya's Noxious Bog
 14544 | Lair:3   | Reached XP level 16. HP: 100/103 MP: 0/0
 14602 | Lair:3   | Found a staircase to the Swamp.
 16001 | Lair:5   | Entered Level 5 of the Lair of Beasts
 16023 | Lair:5   | Found a staircase to the Slime Pits.
 16216 | Lair:5   | Reached ****** piety under Makhleb
 16865 | Lair:5   | Identified the +10 lajatang of the Wilderness {flame, rC+
                  | Stlth+}
 17513 | Orc:2    | Found Rehucsel's Book Shop.
 17759 | Orc:2    | Found a staircase to the Elven Halls.
 18065 | Orc:2    | Found Yllires's Antique Armour Shop.
 18079 | Orc:2    | Found Nery's Antique Weapon Shop.
 18096 | Orc:2    | Found Xoujian's General Store.
 18242 | Orc:2    | Bought a crude ring mail for 243 gold pieces
 18242 | Orc:2    | Identified the +1 ring mail "Qisiosuj" {rElec rN+ Str+3
                  | Dex-5} (You bought it in a shop on level 2 of the Orcish
                  | Mines)
 18655 | Elf:1    | Entered Level 1 of the Elven Halls
 18664 | Elf:1    | Found a runed translucent gate.
 18664 | Elf:1    | Found a runed translucent gate.
 18665 | Elf:1    | Found a runed translucent gate.
 18787 | Elf:1    | Reached XP level 17. HP: 107/110 MP: 0/0
 18787 | Elf:1    | Learned a level 7 spell: Storm Form
 18906 | Elf:1    | Noticed Frances
 18913 | Elf:1    | Killed Frances
 19480 | Elf:1    | Identified the amulet "Laismoem" {Regen+ SInv}
 19481 | Elf:1    | Noticed AiryTheDragon's ghost (journeyman DsNe)
 19748 | Elf:2    | Paralysed by an air elemental for 1 turns
 20003 | Elf:2    | Found a runed translucent gate.
 20003 | Elf:2    | Found a runed translucent gate.
 20003 | Elf:2    | Noticed a tentacled monstrosity
 20005 | Elf:2    | Found a runed translucent gate.
 20005 | Elf:2    | Noticed a tentacled monstrosity
 20005 | Elf:2    | Noticed a tentacled monstrosity
 20007 | Elf:2    | Noticed a tentacled monstrosity
 20252 | Elf:2    | Found a runed translucent gate.
 20252 | Elf:2    | Found a runed translucent gate.
 20252 | Elf:2    | Found a runed translucent gate.
 20615 | Elf:3    | Entered Level 3 of the Elven Halls
 20615 | Elf:3    | Found Himoll's Jewellery Shop.
 20648 | Elf:3    | Found Eman's Book Shop.
 20811 | Elf:3    | Noticed Nikola
 20820 | Elf:3    | Killed Nikola
 20972 | Elf:3    | Found Ithobom's Distillery.
 21013 | Elf:3    | Found Tared's Distillery.
 21309 | Elf:3    | Reached skill level 10 in Shields
 21340 | Elf:3    | Noticed a deep elf master archer
 21347 | Elf:3    | Reached skill level 5 in Invocations
 21347 | Elf:3    | Reached XP level 18. HP: 117/117 MP: 0/0
 21354 | Elf:3    | Killed a deep elf master archer
 21489 | Elf:3    | Noticed a deep elf blademaster
 21503 | Elf:3    | Killed a deep elf blademaster
 21573 | Elf:3    | Identified the +9 spear "Virrorich" {venom, rN+}
 21773 | Elf:3    | Identified the ring "Pastos" {Fire Int+3 SInv Stlth+}
 21804 | Elf:3    | Identified the +5 shortbow of Traps {flame, rPois Will+
                  | Str+3 Int-5}
 21830 | Elf:3    | Identified the +8 morningstar "Dikkere" {protect, Int+3
                  | Dex+4}
 21830 | Elf:3    | Identified the ring "Zitati Puov" {rN+ MP+9 EV+5 Dex+2}
 21896 | Elf:3    | Identified the ring of Xom's Sleight of Hands {rElec EV+5}
 21966 | Elf:3    | Identified the +1 hand axe of a treasure trove {antimagic,
                  | rPois rN+ rCorr Dex-2}
 21974 | Elf:3    | Identified the staff of conjuration "Waabidgho" {rCorr MP+9
                  | Str+2}
 22652 | D:13     | Acquired a manual of Fighting
 23108 | D:13     | Found a gate to the Vaults.
 23610 | D:14     | Noticed Rupert
 23937 | D:14     | Found a bloodstained altar of Trog.
 23971 | D:14     | Found Funef's Magic Scroll Shoppe.
 23995 | D:14     | Bought a scroll of poison for 60 gold pieces
 23995 | D:14     | Bought a scroll of fear for 60 gold pieces
 23995 | D:14     | Bought a scroll of teleportation for 45 gold pieces
 24160 | D:14     | Reached skill level 15 in Dodging
 24468 | D:14     | Paralysed by Rupert for 3 turns
 24474 | D:14     | Killed Rupert
 24475 | D:14     | Reached XP level 19. HP: 125/125 MP: 0/0
 24475 | D:14     | Learned a level 7 spell: Orb of Destruction
 24514 | D:15     | Entered Level 15 of the Dungeon
 24696 | D:15     | Noticed Jorgrun
 24702 | D:15     | Killed Jorgrun
 25296 | D:15     | Found a staircase to the Depths.
 25559 | Snake:1  | Entered Level 1 of the Snake Pit
 25865 | Snake:1  | Reached skill level 15 in Spellcasting
 25869 | Snake:1  | You are sucked into a shaft and drop 1 floor!
 27752 | Snake:3  | Reached skill level 15 in Fighting
 28569 | Snake:3  | Reached XP level 20. HP: 135/135 MP: 0/0
 28852 | Snake:4  | Entered Level 4 of the Snake Pit
 29345 | Snake:4  | Found Juisehe's Distillery.
 29356 | Snake:4  | Bought a potion of heal wounds for 75 gold pieces
 29916 | Snake:4  | Got a serpentine rune of Zot
 30303 | Swamp:1  | Entered Level 1 of the Swamp
 30416 | Swamp:1  | Found a runed translucent gate.
 30417 | Swamp:1  | Found a runed translucent gate.
 30422 | Swamp:1  | Found a runed translucent gate.
 30425 | Swamp:1  | Noticed superbruh's ghost (journeyman MiMo)
 30944 | Swamp:2  | Reached XP level 21. HP: 133/144 MP: 0/0
 30944 | Swamp:2  | Learned a level 7 spell: Dragon Form
 31373 | Swamp:2  | Noticed Naistiu's ghost (adept DESu)
 31378 | Swamp:2  | Found a runed translucent door.
 32128 | Swamp:4  | Entered Level 4 of the Swamp
 33069 | Swamp:4  | Found a basalt altar of Yredelemnul.
 33085 | Swamp:4  | Got a decaying rune of Zot
 33201 | Swamp:4  | Found a blossoming altar of Fedhas.
 33508 | Swamp:2  | Killed Naistiu's ghost
 33580 | Swamp:1  | Killed superbruh's ghost
 34163 | Elf:1    | Killed AiryTheDragon's ghost
 34300 | Elf:1    | Identified the +0 helmet of Odubb {+Inv rF+ rN+}
 34580 | Vaults:1 | Entered Level 1 of the Vaults
 34932 | Vaults:1 | Reached XP level 22. HP: 133/153 MP: 0/0
 34958 | Vaults:1 | Noticed Donald
 34962 | Vaults:1 | Killed Donald
 36596 | Vaults:2 | Found a staircase to the Crypt.
 36932 | Vaults:3 | Identified the scarf of Purpose {harm, rElec rC+}
 37288 | Vaults:3 | Reached XP level 23. HP: 153/160 MP: 0/0
 37288 | Vaults:3 | Learned a level 8 spell: Borgnjor's Revivification
 38160 | Vaults:4 | Identified the orb of the Pits of Slime {*Rage, rN+ Regen+
                  | Dex+3}
 38215 | Vaults:4 | Found a transporter.
 38375 | Vaults:4 | Found Xanonuaw's Antique Armour Emporium.
 38382 | Vaults:4 | Bought a pitted leather armour for 273 gold pieces
 38382 | Vaults:4 | Identified the +2 leather armour of Hubris {Rampage +Inv
                  | MP+9 SInv} (You bought it in a shop on level 4 of the
                  | Vaults)
 38382 | Vaults:4 | Bought a dazzling ring mail for 351 gold pieces
 38382 | Vaults:4 | Identified the +4 ring mail of Ruzxuat {rPois rN+} (You
                  | bought it in a shop on level 4 of the Vaults)
 38466 | Vaults:4 | Found a runed translucent door.
 38471 | Vaults:4 | Noticed Iluymox's ghost (adept KoBr)
 38662 | Vaults:4 | Killed Iluymox's ghost
 38786 | Vaults:4 | Found a transporter.
 38974 | Crypt:1  | Entered Level 1 of the Crypt
 39915 | Crypt:2  | Identified the +7 sling of Ydulunas {freeze, Int-5 Dex+5
                  | SInv}
 40010 | Crypt:2  | Identified the ring of Linearity {rPois rF++ Int-3 SInv}
 40956 | Crypt:2  | Reached XP level 24. HP: 148/168 MP: 0/0
 41044 | Crypt:3  | Entered Level 3 of the Crypt
 41389 | Crypt:3  | Found a staircase to the Tomb.
 41807 | Crypt:3  | Reached skill level 10 in Invocations
 41942 | Crypt:3  | Found the +10 zealot's sword {holy, Zealotry, *Rage rN+
                  | EV+3}
 41950 | Crypt:3  | Identified the staff of conjuration "Fojanaju" {Fly rF+
                  | Dex+2}
 42715 | Depths:1 | Entered Level 1 of the Depths
 42744 | Depths:1 | Noticed Mara
 42754 | Depths:1 | Killed Mara
 43104 | Depths:1 | Noticed Aizul
 43110 | Depths:1 | Killed Aizul
 43134 | Depths:1 | Found a portal to a secret trove of treasure.
 43528 | Slime:1  | Entered Level 1 of the Pits of Slime
 43770 | Slime:2  | Noticed Dissolution
 43782 | Slime:2  | Paralysed by a floating eye for 2 turns
 43816 | Slime:2  | Gained mutation: You are weak. (Str -2) [a shining eye]
 43817 | Slime:2  | Gained mutation: Armour fits poorly on your strangely
                  | shaped body. [a shining eye]
 43822 | Slime:1  | Reached XP level 25. HP: 136/175 MP: 0/0
 43822 | Slime:1  | Learned a level 8 spell: Ignition
 43837 | Slime:2  | Paralysed by a floating eye for 2 turns
 43845 | Slime:1  | Paralysed by a floating eye for 2 turns
 43848 | Slime:1  | Killed Dissolution
 44084 | Slime:2  | Found a viscous altar of Jiyva.
 45477 | Slime:5  | Entered Level 5 of the Pits of Slime
 45741 | Slime:5  | Gained mutation: You are occasionally teleported next to
                  | monsters. [a shining eye]
 45759 | Slime:4  | Lost mutation: You are weak. (Str -2) [potion of mutation]
 45759 | Slime:4  | Lost mutation: Armour fits poorly on your strangely shaped
                  | body. [potion of mutation]
 45759 | Slime:4  | Lost mutation: You are occasionally teleported next to
                  | monsters. [potion of mutation]
 45759 | Slime:4  | Gained mutation: Your flesh is almost immune to the effects
                  | of heat. (rF+++) [potion of mutation]
 45759 | Slime:4  | Gained mutation: You have a pair of small antennae on your
                  | head. [potion of mutation]
 45977 | Slime:5  | Gained mutation: You are very vulnerable to cold. (rC--) [a
                  | shining eye]
 45978 | Slime:5  | Gained mutation: Armour fits poorly on your strangely
                  | shaped body. [a shining eye]
 45980 | Slime:5  | Gained mutation: You are occasionally teleported next to
                  | monsters. [a shining eye]
 45981 | Slime:5  | Gained mutation: You are weak. (Str -2) [a shining eye]
 45986 | Slime:5  | Lost mutation: You are weak. (Str -2) [a shining eye]
 46019 | Slime:4  | Lost mutation: Armour fits poorly on your strangely shaped
                  | body. [potion of mutation]
 46019 | Slime:4  | Lost mutation: You have a pair of small antennae on your
                  | head. [potion of mutation]
 46019 | Slime:4  | Lost mutation: You are frail. (-10% HP) [potion of
                  | mutation]
 46019 | Slime:4  | Gained mutation: You are clumsy. (Dex -2) [potion of
                  | mutation]
 46088 | Slime:4  | Lost mutation: You are occasionally teleported next to
                  | monsters. [potion of mutation]
 46088 | Slime:4  | Lost mutation: You are clumsy. (Dex -2) [potion of
                  | mutation]
 46088 | Slime:4  | Gained mutation: You are partially covered in iridescent
                  | scales. (AC +2) [potion of mutation]
 46088 | Slime:4  | Lost mutation: You are very vulnerable to cold. (rC--)
                  | [potion of mutation]
 46096 | Slime:5  | Gained mutation: You sometimes lose your temper in combat.
                  | [a shining eye]
 46205 | Slime:5  | Noticed the Royal Jelly
 46212 | Slime:5  | Killed the Royal Jelly
 46414 | Slime:5  | Found the +6 Majin-Bo {spellvamp, MP+6 Int+6}
 46421 | Slime:5  | Identified the +11 chain mail "Viocoa" {rPois Regen+ rCorr}
 46422 | Slime:5  | Identified the ring of No Interval {rPois Int+4 Dex+3 SInv}
 46426 | Slime:5  | Identified the +4 longbow of Defilement {heavy, +Blink}
 46491 | Slime:5  | Identified the +6 halberd "Optisig" {heavy, Fly Dex+4}
 46492 | Slime:5  | Identified the +9 glaive of Mith {drain, *Noise Drain Fly
                  | Dex+5}
 46513 | Slime:5  | Got a slimy rune of Zot
 47187 | Depths:1 | You showed the slimy rune of Zot to enter a treasure trove
 47188 | Trove    | Entered a treasure trove
 47197 | Trove    | Identified the ring of the Bursting Gods {AC+4 Stlth+}
 47201 | Trove    | Identified the ring of Vudasmud {Ice *Slow rPois Int+3}
 47215 | Trove    | Identified the +5 hand axe "Gopt" {flame, Int+3}
 47280 | Depths:1 | Found a runed translucent door.
 47290 | Depths:1 | Noticed Tutea's ghost (adept TrMo)
 47407 | Depths:1 | Noticed Sojobo
 47412 | Depths:1 | Noticed Asterion
 47471 | Depths:1 | Killed Sojobo
 47479 | Depths:1 | Killed Asterion
 47573 | Depths:1 | Found a one-way gate to the infinite horrors of the Abyss.
 47689 | Depths:1 | Found a gateway to Hell.
 47715 | Depths:1 | Identified the +1 pair of boots of the Other World {Regen+
                  | Str+2}
 48041 | Depths:2 | Reached XP level 26. HP: 202/205 MP: 0/0
 48123 | Depths:2 | Found a one-way gateway to a ziggurat.
 48247 | Depths:2 | Found a runed translucent gate.
 48252 | Depths:2 | Found a runed translucent gate.
 48252 | Depths:2 | Found a runed translucent gate.
 48252 | Depths:2 | Noticed OhCrap's ghost (adept MiFi)
 48915 | Depths:2 | Found a one-way gate leading to the halls of Pandemonium.
 49058 | Depths:3 | Found Hoyca Hasu's General Store.
 49908 | Depths:3 | Identified the +3 demon whip of Hecrium {freeze, *Noise rN+
                  | Will+}
 50057 | Depths:4 | Entered Level 4 of the Depths
 50331 | Depths:4 | Noticed a juggernaut
 50373 | Depths:4 | Killed a juggernaut
 50495 | Depths:4 | Reached XP level 27. HP: 180/213 MP: 0/0
 50495 | Depths:4 | Learned a level 9 spell: Shatter
 50858 | Depths:4 | Identified the +10 rapier of a treasure trove {flame,
                  | Fragile rN+++ Will+ Int+4}
 50873 | Depths:4 | Found a gate to the Realm of Zot.
 50876 | Depths:4 | Identified the +10 glaive of Contention {chaos, rElec
                  | rCorr}
 51435 | Depths:4 | Identified the staff of conjuration "Reawnola" {rElec rCorr
                  | Int-2 SInv}
 51902 | Elf:2    | Found a runed translucent gate.
 51902 | Elf:2    | Found a runed translucent gate.
 51905 | Elf:2    | Found a runed translucent gate.
 51905 | Elf:2    | Noticed Yakesh's ghost (adept MiFi)
 51963 | Elf:2    | Killed Yakesh's ghost
 52039 | Elf:2    | Identified the +0 pair of gloves "Geppayra" {rPois Str+4
                  | Int+3}
 52173 | Elf:2    | Noticed Agnes
 52179 | Elf:2    | Killed Agnes
 52994 | Depths:2 | Killed OhCrap's ghost
 53139 | Depths:2 | Identified the +2 hat of Okawaru's Inspiration {Dex+2}
 53304 | Depths:1 | Killed Tutea's ghost
 53599 | Vaults:5 | Entered Level 5 of the Vaults
 53732 | Vaults:5 | Identified the +5 arbalest "Ysiusiveta" {flame, SInv}
 53765 | Vaults:5 | Got a silver rune of Zot
 53769 | Vaults:5 | Identified the ring "Suuzinoj" {rPois rN++ Str+2 Int-5
                  | Stlth+}
 54219 | Vaults:5 | Found the +4 skin of Zhor {*Englaciate rC+++ SInv}
 54225 | Vaults:5 | Identified the +8 bardiche of the Forsaken Xalams {flame,
                  | Stlth+}
 54339 | Vaults:5 | Identified the +8 hand axe of the Empty Page {flame, rF+
                  | rN+ Int-2}
 54465 | Vaults:5 | Identified the +2 halberd of Prudence {flame, Fly rPois rC+
                  | rCorr}
 54726 | Vaults:5 | Identified the +4 quarterstaff of the Girdle {pain, MP+9
                  | Str+2}
 55252 | Zot:1    | Entered Level 1 of the Realm of Zot
 55408 | Depths:4 | Acquired 256 gold pieces
 55410 | Depths:4 | Acquired a manual of Invocations
 55412 | Depths:4 | Acquired a manual of Shields
 55414 | Depths:4 | Acquired a manual of Ranged Weapons
 55416 | Depths:4 | Acquired a manual of Shields
 55524 | Zot:1    | Noticed an orb of fire
 55530 | Zot:1    | Lost mutation: You are partially covered in iridescent
                  | scales. (AC +2) [an orb of fire]
 55532 | Zot:1    | Killed an orb of fire
 56202 | Zot:1    | You are sucked into a shaft and drop 1 floor!
 56204 | Zot:2    | Noticed a Killer Klown
 56214 | Zot:2    | a Killer Klown changed into a rockslime
 57284 | Zot:2    | Found the +4 dragonskin cloak
 57284 | Zot:2    | Noticed Tiamat
 57365 | Zot:2    | Killed Tiamat
 57757 | Zot:2    | Reached skill level 15 in Invocations
 58841 | Zot:3    | Reached skill level 15 in Shields
 58875 | Zot:3    | Reached skill level 5 in Staves
 59426 | Zot:4    | Noticed an orb of fire
 59698 | Zot:4    | Killed an orb of fire
 60043 | Zot:5    | Entered Level 5 of the Realm of Zot
 60514 | Zot:5    | Reached skill level 5 in Stealth
 60653 | Zot:5    | Noticed an ancient lich
 60680 | Zot:5    | Noticed an ancient lich
 60698 | Zot:5    | Killed an ancient lich
 60748 | Zot:5    | Noticed a Killer Klown
 60762 | Zot:5    | Killed a Killer Klown
 60786 | Zot:5    | Gained mutation: You occasionally lose the ability to read
                  | scrolls when taking damage. [mutagenic glow]
 60791 | Zot:5    | Gained mutation: You are dopey. (Int -2) [mutagenic glow]
 60819 | Zot:5    | Lost mutation: You occasionally lose the ability to read
                  | scrolls when taking damage. [potion of mutation]
 60819 | Zot:5    | Lost mutation: Your flesh is almost immune to the effects
                  | of heat. (rF+++) [potion of mutation]
 60863 | Zot:5    | Noticed a Killer Klown
 60869 | Zot:5    | Noticed an orb of fire
 60905 | Zot:5    | Killed a Killer Klown
 60927 | Zot:5    | Gained mutation: You are clumsy. (Dex -2) [an orb of fire]
 60928 | Zot:5    | Killed an orb of fire
 61002 | Zot:5    | Killed an ancient lich
 61064 | Zot:5    | Noticed a Killer Klown
 61069 | Zot:5    | Killed a Killer Klown
 61081 | Zot:5    | Noticed a dread lich
 61084 | Zot:5    | Killed a dread lich
 61157 | Zot:5    | Noticed a Killer Klown
 61168 | Zot:5    | Killed a Killer Klown
 61177 | Zot:5    | Noticed a dread lich
 61180 | Zot:5    | Killed a dread lich
 61185 | Zot:5    | Noticed a Killer Klown
 61191 | Zot:5    | Killed a Killer Klown
 61232 | Zot:5    | Noticed a Killer Klown
 61232 | Zot:5    | Noticed an orb of fire
 61236 | Zot:5    | Killed an orb of fire
 61244 | Zot:5    | Killed a Killer Klown
 61375 | Zot:5    | Noticed a dread lich
 61383 | Zot:5    | Noticed a Killer Klown
 61383 | Zot:5    | Killed a dread lich
 61388 | Zot:5    | Killed a Killer Klown
 61729 | Hell     | Entered the Vestibule of Hell
 61729 | Hell     | Noticed Geryon
 61760 | Hell     | Killed Geryon
 61858 | Hell     | Found a gateway to the ashen valley of Gehenna.
 61944 | Hell     | Found a gateway to the decaying netherworld of Tartarus.
 62074 | Hell     | Found a gateway to the Iron City of Dis.
 62115 | Hell     | Found a gateway to the freezing wastes of Cocytus.
 62146 | Coc:1    | Entered Level 1 of Cocytus
 62311 | Tar:1    | Entered Level 1 of Tartarus
 62315 | Tar:1    | Reached skill level 27 in Dodging
 62814 | Tomb:1   | Entered Level 1 of the Tomb of the Ancients
 63279 | Tomb:1   | Noticed a royal mummy
 63284 | Tomb:1   | Killed a royal mummy
 63285 | Tomb:1   | Reached skill level 5 in Evocations
 64895 | Coc:4    | Noticed a shard shrike
 64898 | Coc:4    | Noticed a shard shrike
 64899 | Coc:4    | Noticed a shard shrike
 64903 | Coc:4    | Killed a shard shrike
 64905 | Coc:4    | Killed a shard shrike
 64909 | Coc:4    | Killed a shard shrike
 65175 | Coc:7    | Entered Level 7 of Cocytus
 65175 | Coc:7    | Noticed a shard shrike
 65181 | Coc:7    | Killed a shard shrike
 65213 | Coc:7    | Noticed a shard shrike
 65219 | Coc:7    | Killed a shard shrike
 65319 | Coc:7    | Noticed a shard shrike
 65323 | Coc:7    | Killed a shard shrike
 65327 | Coc:7    | Noticed a shard shrike
 65352 | Coc:7    | Killed a shard shrike
 65370 | Coc:7    | Noticed a shard shrike
 65374 | Coc:7    | Killed a shard shrike
 65630 | Coc:7    | Paralysed by a wendigo for 1 turns
 65670 | Coc:7    | Noticed a shard shrike
 65672 | Coc:7    | Noticed a shard shrike
 65674 | Coc:7    | Killed a shard shrike
 65679 | Coc:7    | Killed a shard shrike
 65680 | Coc:7    | Paralysed by a wendigo for 1 turns
 65808 | Coc:7    | Noticed a shard shrike
 65811 | Coc:7    | Killed a shard shrike
 65874 | Coc:7    | Noticed a shard shrike
 65877 | Coc:7    | Killed a shard shrike
 65892 | Coc:7    | Noticed a shard shrike
 65893 | Coc:7    | Noticed a shard shrike
 65899 | Coc:7    | Killed a shard shrike
 65903 | Coc:7    | Noticed a shard shrike
 65905 | Coc:7    | Killed a shard shrike
 65908 | Coc:7    | Killed a shard shrike
 66125 | Coc:7    | Noticed a shard shrike
 66128 | Coc:7    | Killed a shard shrike
 66159 | Coc:7    | Noticed a shard shrike
 66162 | Coc:7    | Killed a shard shrike
 66594 | Coc:7    | Identified the +4 long sword of the Unliving {drain,
                  | Fragile rPois rF+ Str+3}
 66594 | Coc:7    | Noticed Antaeus
 66781 | Coc:7    | Acquired a manual of Evocations
 67391 | Coc:7    | Killed Antaeus
 67499 | Coc:7    | Got an icy rune of Zot
 67502 | Coc:7    | Identified the +5 mace of Midwinter {heavy, rF+ rN++ rCorr
                  | Dex-5}
 67620 | Coc:7    | Identified the ring of Stoicism {AC+4 Str-4 Int+6}
 67819 | Geh:1    | Entered Level 1 of Gehenna
 67836 | Geh:1    | Reached skill level 10 in Evocations
 68001 | Geh:2    | Reached skill level 27 in Spellcasting
 68156 | Geh:4    | Reached skill level 27 in Fighting
 68410 | Geh:6    | Noticed a dread lich
 68411 | Geh:6    | Killed a dread lich
 68583 | Geh:7    | Entered Level 7 of Gehenna
 68878 | Geh:7    | Identified the amulet of Daffodils {RegenMP rF+ Dex+3}
 69014 | Geh:7    | Noticed the Serpent of Hell
 69036 | Geh:7    | Found the +13 sceptre of Asmodeus
 69036 | Geh:7    | Noticed Asmodeus
 69064 | Geh:7    | HP: 7/194 [hellion/damnation[Asmodeus] (24)]
 69074 | Geh:7    | Killed Asmodeus
 69081 | Geh:7    | Killed from afar by a Brimstone Fiend

Illustrated notes

Levels and vault maps discovered:
D:1:      mrwooster_arrival_statue, layout_basic
D:2:      layout_basic, feat_on_display
D:3:      layout_basic, marbit_many_paths, serial_park_tiny_2, uniq_terence
D:4:      layout_basic, uniq_eustachio
D:5:      layout_rooms, fedhas_bush_and_centaur_altar,
          minmay_temple_entry_nine_rooms
D:6:      layout_rooms, uniq_maggie
D:7:      layout_loops_ring, kennysheep_little_box,
          nicolae_overflow_hidden_temple, uniq_prince_ribbit1, uniq_duvessa,
          uniq_joseph
D:8:      nzn_winding_woodlands_small [nzn_winding_woodlands_5x15_garden,
          nzn_winding_woodlands_center_triple_pond,
          nzn_winding_woodlands_5x15_pathside_ponds], layout_rooms,
          enter_bailey_6
D:9:      layout_long_grid
D:10:     layout_stronghold, mainiacjoe_overflow_surrounded_room,
          nicolae_overflow_crystal_walls, lair_entry_dummy, minmay_fountain_box
D:11:     wad_woods_structure_01, layout_loops_ring, serial_shops,
          nicolae_shop_pleasant_corner_grove,
          hellmonk_guarded_unrand_seven_league_boots, uniq_erolcha,
          uniq_josephine
D:12:     nicolae_cairo_tiling_very_big, layout_rooms
D:13:     layout_roguey, david_vaults_1, hangedman_decor_riveting
D:14:     minmay_tearing_corner, layout_stronghold, trog_three_pillars_becter,
          serial_shops, nicolae_shop_advertising_works
          [nicolae_subvault_shop_adworks], wad_floor_pattern_1, glass_columns_a,
          skrybe_limestone_x, hangedman_decor_push, minivault_7, uniq_rupert
D:15:     grunt_enter_depths_hoard, layout_loops_cross, patterned_corridor,
          uniq_jorgrun
Temple:   cyrus_circular_temple
Lair:1:   layout_cave_pods
Lair:2:   layout_cave_pods, beast_lair_carwin_8
Lair:3:   layout_regular_city, minmay_swamp_entry_eels,
          guppyfry_snake_entry_garden, portal_ice_cave_demonic_guard,
          gauntlet_entry_generic, grunt_megastairs_5, serial_bayou_shore_b,
          lemuel_fruit_fields, serial_bayou_shore_a
Lair:4:   layout_long_grid, nicolae_lair_lindhole
Lair:5:   due_jungle_book, layout_cellular_growth,
          nicolae_slime_entry_slimehenge, grunt_forest_stairs_basic,
          lemuel_fruit_tree
Swamp:1:  layout_basic_swamp, gammafunk_ghost_necromancy, nicolae_swamp_treefoil
Swamp:2:  layout_falls_marsh, hellmonk_ghost_happy_afterlife,
          evilmike_swamp_ruin_wall, ldierk_geyser
Swamp:3:  layout_basic_swamp, evilmike_swamp_ruin_house_6, swamp_pool1
Swamp:4:  byrel_swamp_growth_death_and_undeath, layout_basic_swamp, swamp_pool2,
          cheibrodos_swamp_minitomb, infiniplex_staircase_pool
Snake:1:  layout_layer_cave, nicolae_snake_gridmaze_entwining
Snake:2:  layout_onion, grunt_megastairs_3
Snake:3:  layout_gridlike, nicolae_snake_gridmaze_swirls
Snake:4:  grunt_snake_rune_spirals, layout_concentric_octagons, serial_shops,
          nicolae_shop_peninsula
Slime:1:  layout_caves
Slime:2:  layout_caves, basic_altar, uniq_dissolution
Slime:3:  layout_caves
Slime:4:  layout_caves
Slime:5
Orc:1:    layout_caves
Orc:2:    grunt_orc_cross, layout_diamond_mine, elves_outpost_lemuel
Elf:1:    layout_onion_city, gammafunk_ghost_tricky_traps,
          kennysheep_underground_church, uniq_frances
Elf:2:    nicolae_elf_blades_splatter_lattice
          [nicolae_blade_entry_floor_patterns], layout_gridlike,
          ploomutoo_gammafunk_ghost_potion_laboratory, grunt_ministairs_8,
          uniq_agnes
Elf:3:    minmay_elf_hall_x, layout_rooms, serial_shops, shop,
          nicolae_shop_tiny_glass, shop, shop, uniq_nikola
Vaults:1: nicolae_vaults_diamond_1, hangedman_vaults_restitches,
          nicolae_vaults_tetromino_T_1, ontoclasm_vaults_gateway,
          vaults_room_octagon, ontoclasm_vaults_hangar, v_alt_pattern_4,
          nicolae_vaults_back_hallway, nicolae_vaults_double_plus_3,
          st_spiral_rooms, vaults_room_fancy_cross, vaults_room_pool,
          layout_vaults_omnibox, uniq_donald
Vaults:2: hangedman_vaults_stitches, blue_anna_dwarven_crypt,
          nicolae_vaults_house_2, v_misc_11, v_misc_23, v_pattern_1,
          hangedman_vaults_stream, ontoclasm_vaults_fault, grunt_vaults_focal,
          hangedman_vaults_pinch, layout_vaults_ring
Vaults:3: nicolae_vaults_six-pack, vaults_room_pool, vaults_room_corners,
          nicolae_vaults_windows_and_doors_thing, nicolae_vaults_trapezoid_3,
          nicolae_vaults_weapon_check, nicolae_vaults_network_s,
          nicolae_vaults_network_square, nicolae_vaults_apartment_2,
          ontoclasm_vaults_ring_square, layout_vaults_maze
Vaults:4: ebering_ghost_reflecting_pool, gammafunk_sealed_library,
          vaults_room_fours, nicolae_vaults_rhombus_6, hangedman_vaults_unwind,
          vaults_mumra_lcd, nicolae_vaults_variable_pillar_hall,
          nicolae_vaults_diamond_2, nicolae_vaults_shelves_hall,
          nicolae_vaults_tangram_1, layout_vaults_omnicross, serial_shops, shop
Vaults:5
Crypt:1:  layout_chaotic_city
Crypt:2:  layout_catacombs
Crypt:3:  church_of_pain_bobbens, layout_chaotic_city
Tomb:1
Depths:1: layout_gridlike, nicolae_trove_entry_columns, hellmonk_ghost_big_iron,
          grunt_hell_entry_demonic_statue, abyss_entry_crystal,
          kennysheep_generic_room_15, uniq_mara, uniq_aizul, uniq_asterion,
          uniq_sojobo
Depths:2: hangedman_cross_veins, layout_honeycomb, enter_ziggurat_c,
          abyss_entry, biasface_ghost_demon_polymorph, hell_entry,
          nicolae_elevator_lobby_plus, pan_entry, minmay_variable_closet
Depths:3: minmay_open_boxes_in_corner, layout_gridlike, hellmouth_1,
          abyss_entry, minmay_shop_star, firewood_loft,
          infiniplex_staircase_river, serial_bayou_shore_b, uniq_margery
Depths:4: lemuel_castle_with_subvaults [lemuel_castle_interior_original],
          layout_cave_pools, ebering_dispersal_statue_hall, hell_entry,
          abyss_entry
Hell
Geh:1:    layout_gehenna_lava_caves
Geh:2:    layout_gehenna_lava_caves
Geh:3:    layout_gehenna_pools_triple
Geh:4:    layout_gehenna_pools_basic, hangedman_elemental_grid_stream
Geh:5:    layout_gehenna_lava_caves
Geh:6:    layout_gehenna_pools_box, nicolae_hells_fiendish_ambush
Geh:7:    geh_grunt
Coc:1:    layout_ice_bergs
Coc:2:    layout_cocytus_delve
Coc:3:    layout_ice_bergs
Coc:4:    layout_cocytus_water_paths
Coc:5:    layout_cocytus_water_paths
Coc:6:    layout_cocytus_delve
Coc:7:    coc_grunt_cove [coc_grunt_cove_antaeus, coc_grunt_cove_fiend,
          coc_grunt_cove_fiend, coc_grunt_cove_fiend, coc_grunt_cove_fiend]
Tar:1:    layout_grid_maze
Zot:1:    kennysheep_blocky_room, layout_basic, zot_minivault_1
Zot:2:    layout_basic, uniq_tiamat
Zot:3:    layout_gridlike, st_small_dragon_hoard_2
Zot:4:    layout_onion_interference
Zot:5:    layout_twisted_circle

Skill      XL: |  1  2  3  4  5  6  7  8  9 10 11 12 13 14 15 16 17 18 19 20 21 22 23 24 25 26 27 |
---------------+----------------------------------------------------------------------------------+-----
Stealth        | 2 5 |  5.0
Fighting       | 1 2 3 4 5 7 9 10 11 12 13 15 17 18 19 20 21 22 27 | 27.0
Armour         | 1 2 3 4 5 6 7 9 10 11 12 | 12.0
Spellcasting   | 3 4 5 6 8 10 11 12 13 14 15 16 17 18 19 20 21 22 27 | 27.0
Dodging        | 3 4 5 7 8 10 11 12 13 15 16 18 20 21 22 23 24 27 | 27.0
Short Blades   | 1 |  1.0
Invocations    | 1 2 3 5 6 8 10 19 | 19.1
Staves         | 1 2 3 4 5 |  5.0
Throwing       | 1 2 3 |  3.0
Shields        | 1 2 4 5 6 7 8 10 11 12 13 21 | 21.6
Evocations     | 1 2 3 13 | 13.4

Action                     |  1- 3 |  4- 6 |  7- 9 | 10-12 | 13-15 | 16-18 | 19-21 | 22-24 | 25-27 || total
---------------------------+-------+-------+-------+-------+-------+-------+-------+-------+-------++-------
  Melee: Dagger            |       |       |     1 |       |       |       |       |       |       ||     1
         Staff             |       |       |       |       |    37 |     7 |     6 |     2 |    15 ||    67
         Unarmed           |       |       |       |       |       |    12 |    12 |       |       ||    24
         Tailslap          |       |       |       |       |       |       |     6 |       |       ||     6
         Bite              |       |       |       |       |       |       |     2 |       |       ||     2
   Cast: Foxfire           |    83 |    70 |    95 |    67 |   129 |   158 |   104 |       |       ||   706
         Scorch            |     4 |    35 |    75 |    34 |   119 |   168 |   222 |   279 |   115 ||  1051
         Sting             |     1 |     8 |       |     3 |       |       |       |       |       ||    12
         Poisonous Vapours |       |    17 |    25 |    64 |   108 |   342 |    48 |   123 |    19 ||   746
         Ignite Poison     |       |       |    10 |    25 |    40 |   153 |    18 |    59 |    22 ||   327
         Animate Dead      |       |       |     1 |     3 |     4 |     6 |    15 |    10 |    15 ||    54
         Flame Wave        |       |       |       |     2 |    10 |     7 |    20 |    38 |    30 ||   107
         Passage of Golubr |       |       |       |     3 |     2 |       |       |       |     2 ||     7
         Borgnjor's Vile C |       |       |       |       |    16 |    85 |   336 |   275 |   538 ||  1250
         Eringya's Noxious |       |       |       |       |       |    11 |     3 |    10 |     4 ||    28
         Storm Form        |       |       |       |       |       |     4 |       |       |       ||     4
         Volatile Blastmot |       |       |       |       |       |    32 |     3 |       |     1 ||    36
         Orb of Destructio |       |       |       |       |       |       |   225 |   343 |  1356 ||  1924
         Dragon Form       |       |       |       |       |       |       |     2 |       |       ||     2
         Inner Flame       |       |       |       |       |       |       |     1 |     1 |     2 ||     4
         Ignition          |       |       |       |       |       |       |       |       |   463 ||   463
         Shatter           |       |       |       |       |       |       |       |       |   156 ||   156
         Borgnjor's Revivi |       |       |       |       |       |       |       |       |     3 ||     3
 Invoke: Minor Destruction |       |       |       |       |       |       |     1 |       |       ||     1
Ability: End Transformatio |       |       |       |       |       |     4 |     2 |       |       ||     6
         Breathe Fire      |       |       |       |       |       |       |     1 |       |       ||     1
  Evoke: Wand              |       |       |       |       |     2 |     1 |       |       |       ||     3
         Phantom mirror    |       |       |       |       |       |       |       |       |     1 ||     1
    Use: Scroll            |       |     6 |     8 |     9 |    13 |     5 |     4 |     8 |    24 ||    77
         Potion            |       |       |     2 |     2 |     3 |     1 |       |     2 |    15 ||    25
   Stab: Distracted        |       |       |       |       |       |       |     2 |       |       ||     2
 Armour: Robe              |       |     4 |    11 |     2 |     3 |    21 |    50 |    22 |    35 ||   148
         Troll leather arm |       |       |       |     9 |    19 |       |       |       |       ||    28
         Skin              |       |       |       |       |     8 |     1 |    21 |       |       ||    30
         Animal skin       |       |       |       |       |       |       |       |       |    16 ||    16
  Dodge: Dodged            |    12 |    14 |    42 |    35 |    62 |   108 |   286 |   303 |   767 ||  1629
  Block: Other             |       |     2 |    15 |       |       |     2 |     7 |       |       ||    26
         Buckler           |       |       |     2 |    19 |    38 |       |       |       |       ||    59
         Reflection        |       |       |       |     2 |     3 |    23 |   114 |    33 |    51 ||   226
         Kite shield       |       |       |       |       |    10 |   126 |   395 |   265 |   575 ||  1371

Table legend: (Time is in decaauts)
 A = Elapsed time spent in this place.
 B = Non-inter-level travel time spent in this place.
 C = Inter-level travel time spent in this place.
 D = Time resting spent in this place.
 E = Time spent auto-exploring this place.
 F = Levels seen in this place.
 G = Mean time per level.
                   A        B        C        D        E       F      G
               +--------+--------+--------+--------+--------+-----+--------+
         Total |  69203 |  60992 |   8211 |   5708 |  36580 |  77 |  898.7 |
       Dungeon |  15808 |  13353 |   2455 |   1267 |   9571 |  15 | 1053.9 |
        Temple |     51 |     43 |      8 |      0 |     30 |   1 |   51.0 |
          Lair |   5427 |   4563 |    864 |     65 |   3448 |   5 | 1085.4 |
         Swamp |   3312 |   2998 |    314 |    315 |   1810 |   4 |  828.0 |
     Snake Pit |   4713 |   4476 |    237 |    143 |   3049 |   4 | 1178.2 |
    Slime Pits |   3272 |   2917 |    355 |    424 |   1551 |   5 |  654.4 |
  Orcish Mines |   1896 |   1528 |    368 |     53 |   1123 |   2 |  948.0 |
   Elven Halls |   4637 |   4036 |    601 |    368 |   2454 |   3 | 1545.7 |
        Vaults |   6205 |   5332 |    873 |     84 |   3525 |   5 | 1241.0 |
         Crypt |   3649 |   3348 |    301 |     79 |   2180 |   3 | 1216.3 |
          Tomb |   1069 |    973 |     96 |    154 |    438 |   1 | 1069.0 |
        Depths |   6289 |   4953 |   1336 |    312 |   2843 |   4 | 1572.2 |
          Hell |    967 |    919 |     48 |    322 |    268 |   1 |  967.0 |
       Gehenna |   1248 |   1248 |      0 |    559 |     68 |   7 |  178.3 |
       Cocytus |   3172 |   3127 |     45 |    774 |    692 |   7 |  453.1 |
      Tartarus |     64 |     64 |      0 |     37 |      0 |   1 |   64.0 |
           Zot |   6263 |   5958 |    305 |    431 |   3314 |   5 | 1252.6 |
         Trove |     48 |     48 |      0 |      0 |      0 |   1 |   48.0 |
        Bailey |    557 |    557 |      0 |    225 |     84 |   1 |  557.0 |
      Ice Cave |    154 |    154 |      0 |     61 |      0 |   1 |  154.0 |
      Gauntlet |    392 |    392 |      0 |     34 |    132 |   1 |  392.0 |
               +--------+--------+--------+--------+--------+-----+--------+

Top non-repeatable levels by time:
   Coc:7: 2572 daAuts
Depths:1: 1833 daAuts
     D:7: 1830 daAuts
   Elf:2: 1747 daAuts
    D:11: 1580 daAuts
Depths:2: 1576 daAuts
   Zot:5: 1567 daAuts
   Zot:1: 1552 daAuts
   Elf:1: 1503 daAuts
     D:4: 1490 daAuts
 Crypt:3: 1480 daAuts
  Lair:5: 1474 daAuts
Depths:3: 1462 daAuts
Depths:4: 1417 daAuts
   Elf:3: 1387 daAuts
